 Dungeon Sprint DCSS version 0.30.1-11-g7821555f0a (webtiles) character file.

Game seed: 13139220937679315615

480 Heoruswealwe the Spear-Bearer (level 6, -4/64 HPs)
             Began as a Minotaur Fighter on Oct 28, 2023.
             Was an Initiate of Gozag.
             Slain by a vampire mosquito (6 damage)
             ... in the Dungeon (Sprint IX: "|||||||||||||||||||||||||||||").
             The game lasted 00:01:31 (124 turns).

Heoruswealwe the Spear-Bearer (Minotaur Fighter)     Turns: 124, Time: 00:01:32

Health: -4/64      AC:  8    Str: 22    XL:     6   Next: 86%
Magic:  5/5        EV:  9    Int:  5    God:    Gozag
Gold:   0          SH:  4    Dex: 10    Spells: 5/5 levels left

rFire   . . .        a - +0 trident
rCold   . . .        d - +0 buckler
rNeg    . . .        c - +0 scale mail
rPois   .            (helmet restricted)
rElec   .            (no cloak)
rCorr   .            (no gloves)
SInv    .            (no boots)
Will    .....        (no amulet) Stlth
                     (no ring)
HPRegen 0.30/turn    (no ring)
MPRegen 0.09/turn

%: no teleportation
@: gold aura
A: horns 2, retaliatory headbutt
a: Renounce Religion, Potion Petition, Call Merchant, Bribe Branch


You were in the Dungeon.
You worshipped Gozag.
Gozag was noncommittal.
You visited 1 branch

Inventory:

Hand Weapons
 a - a +0 trident (weapon)
Armour
 c - a +0 scale mail (worn)
 d - a +0 buckler (worn)
Jewellery
 k - a +2 ring of protection
 l - a +2 ring of protection
Wands
 h - a wand of roots (10)
Scrolls
 j - 2 scrolls of blinking
Potions
 b - a potion of might
 e - 5 potions of curing
 f - 3 potions of heal wounds
 g - a potion of haste
 i - a potion of berserk rage


   Skills:
 + Level 9.6 Fighting
 * Level 12.6 Polearms
 + Level 9.6 Armour
 - Level 3.6 Shields


You had 5 spell levels left.
You didn't know any spells.
Your spell library was empty.

Dungeon Overview and Level Annotations

Branches:
Dungeon (1/1)

Altars:
Cheibriados
Dithmenos
Elyvilon
Fedhas
Gozag
Hepliaklqana
Kikubaaqudgha
Makhleb
Nemelex Xobeh
Okawaru
Qazlal
Ru
Sif Muna
Trog
Uskayaw
Vehumet
Wu Jian
Xom
Yredelemnul
Zin
The Shining One
Jiyva
Lugonu


Innate Abilities, Weirdness & Mutations

You have a pair of horns on your head.
You reflexively headbutt those who attack you in melee.


Message History

The orc warrior hits you with a +0 scimitar!
* * * LOW HITPOINT WARNING * * *
You hit the orc warrior but do no damage.
You headbutt the orc warrior, but do no damage.
The orc warrior is almost dead.
You block the orc warrior's attack.
You hit the orc warrior but do no damage.
The orc warrior is almost dead.
The orc warrior hits you with a +0 scimitar.
* * * LOW HITPOINT WARNING * * *
You hit the orc warrior but do no damage.
The orc warrior is almost dead.
The centaur is distracted by your dazzling golden aura.
The centaur shouts!
You hit the orc warrior.
You kill the orc warrior!
The vampire mosquito is distracted by your dazzling golden aura.
Your Fighting skill increases to level 9!
Your Polearms skill increases to level 12!
Your Armour skill increases to level 9!
The centaur is no longer distracted by gold.
The centaur closely misses you. You furiously retaliate!
You headbutt the centaur! The centaur kicks you.
* * * LOW HITPOINT WARNING * * *
There is an open door to the Dungeon, spattered with blood here.
Items here: $ ( )) [.
Unknown command.
You puncture the centaur!
You kill the centaur!
Reach: a) +0 trident
Press: ? - help, Dir - move target, f - vampire mosquito
Aim: a vampire mosquito (about 49% to evade your +0 trident)
You reach to attack!
You closely miss the vampire mosquito.
The vampire mosquito is no longer distracted by gold.
You closely miss the vampire mosquito.
You headbutt the vampire mosquito, but do no damage.
The vampire mosquito bites you but does no damage.
The vampire mosquito bites you.
You die...
Your body crumbles into a pile of gold. $$$$$ $ $ $ $$$$$ $$$$$ $ ▓▓▓▓▓▓▓▓▓▓▓▓▓▓▓▓▓▓▓▓▓▓▓▓ +....zy@..[[[.)?!'______ ▓▓▓▓▓▓▓▓▓▓▓▓▓▓▓▓▓▓▓▓▓▓▓▓

You could see a vampire mosquito and a wight.

Vanquished Creatures
  A wyvern (D)
  An orc warrior (D)
  A centaur (D)
  A kobold brigand (D)
  A scorpion (D)
  2 ufetubi (D)
  A dart slug (D)
  An orc (D)
  A giant cockroach (D)
  A quokka (D)
  A ball python (D)
  A bat (D)
  A goblin (D)
14 creatures vanquished.

Notes
Turn   | Place    | Note
-------+----------+-------------------------------------------
     0 | D        | Heoruswealwe the Minotaur Fighter began the quest for the
                  | Orb.
     0 | D        | Reached XP level 1. HP: 19/19 MP: 0/0
     6 | D        | Reached skill level 3 in Polearms
    25 | D        | Noticed a scorpion
    29 | D        | Reached skill level 4 in Polearms
    29 | D        | Reached XP level 2. HP: 25/28 MP: 1/1
    31 | D        | Killed a scorpion
    32 | D        | Reached skill level 5 in Fighting
    32 | D        | Reached skill level 7 in Polearms
    32 | D        | Reached skill level 5 in Armour
    32 | D        | Reached XP level 3. HP: 34/37 MP: 2/2
    32 | D        | Reached XP level 4. HP: 40/44 MP: 3/3
    51 | D        | Found a snail-covered altar of Cheibriados.
    51 | D        | Found a shadowy altar of Dithmenos.
    51 | D        | Found a white marble altar of Elyvilon.
    51 | D        | Found a blossoming altar of Fedhas.
    51 | D        | Found an opulent altar of Gozag.
    52 | D        | Found a hazy altar of Hepliaklqana.
    53 | D        | Found a viscous altar of Jiyva.
    54 | D        | Found an ancient bone altar of Kikubaaqudgha.
    55 | D        | Found a corrupted altar of Lugonu.
    56 | D        | Found a burning altar of Makhleb.
    57 | D        | Found a sparkling altar of Nemelex Xobeh.
    58 | D        | Found an iron altar of Okawaru.
    59 | D        | Became a worshipper of Gozag Ym Sagoz the Greedy
    60 | D        | Found a stormy altar of Qazlal.
    61 | D        | Found a sacrificial altar of Ru.
    62 | D        | Found a shimmering blue altar of Sif Muna.
    63 | D        | Found a bloodstained altar of Trog.
    64 | D        | Found a hide-covered altar of Uskayaw.
    65 | D        | Found a radiant altar of Vehumet.
    66 | D        | Found an ornate altar of the Wu Jian Council.
    67 | D        | Found a shimmering altar of Xom.
    68 | D        | Found a basalt altar of Yredelemnul.
    69 | D        | Found a glowing silver altar of Zin.
    70 | D        | Found a glowing golden altar of the Shining One.
    94 | D        | Noticed a vampire mosquito
    94 | D        | Noticed a centaur
    94 | D        | Noticed an orc warrior
    94 | D        | Noticed a kobold brigand
    94 | D        | Noticed a wyvern
   102 | D        | Killed a wyvern
   103 | D        | Reached skill level 10 in Polearms
   103 | D        | Reached XP level 5. HP: 27/53 MP: 4/4
   110 | D        | Reached skill level 11 in Polearms
   110 | D        | Reached XP level 6. HP: 27/62 MP: 5/5
   118 | D        | HP: 2/62 [orc warrior/+0 scimitar (4)]
   120 | D        | Killed an orc warrior
   121 | D        | Reached skill level 12 in Polearms
   124 | D        | Slain by a vampire mosquito

Illustrated notes

Levels and vault maps discovered:
D:        linesprint [early_d, line_temple, items_1, d_10, items_2, lair_1,
          lair_end, items_3, orc_1, orc_end, items_4, d_15, swamp_1, shoals_1,
          snake_1, spider_1, d_20, vaults_1, items_5, swamp_end, shoals_end,
          snake_end, spider_end, vaults_end, d_27, items_6, zot_1, zot_end,
          crypt_end, forest_end, elf_end, slime_end, tomb_end, abyss_end,
          pan_hell_end]

Skill      XL: |  1  2  3  4  5  6 |
---------------+-------------------+-----
Polearms       | 4 7 10 11 12 | 12.6
Fighting       | 4 5 8 9 |  9.6
Armour         | 4 5 8 9 |  9.6
Shields        | |  3.6

Action                     |  1- 3 |  4- 6 || total
---------------------------+-------+-------++-------
  Melee: Trident           |    13 |    40 ||    53
         Headbutt          |     1 |     9 ||    10
 Armour: Scale mail        |     8 |     8 ||    16
  Dodge: Dodged            |     8 |    10 ||    18
  Block: Buckler           |     2 |    11 ||    13
